 Dungeon Crawl Stone Soup version 0.29.1-2-gbd0b4ee654 (webtiles) character file.

Game seed: 17062918954586126335

39 GorkyZ the Slasher (level 3, -3/22 HPs)
             Began as a Gargoyle Gladiator on Nov 30, 2022.
             Frozen to death by an endoplasm (5 damage)
             ... on level 2 of the Dungeon.
             The game lasted 00:02:25 (1149 turns).

GorkyZ the Slasher (Gargoyle Gladiator)             Turns: 1149, Time: 00:02:25

Health: -3/22      AC: 10    Str: 17    XL:     3   Next: 45%
Magic:  3/3        EV: 10    Int:  8    God:
Gold:   34         SH:  0    Dex: 13    Spells: 2/2 levels left

rFire   . . .      SeeInvis .   a - +0 long sword
rCold   . . .      Faith    .   (no shield)
rNeg    + . .      Spirit   .   j - +0 scale mail
rPois   ∞          Reflect  .   c - +0 helmet
rElec   +          Harm     .   (no cloak)
rCorr   .          Rampage  .   (no gloves)
Will    .....                   (no boots)
Stlth   ..........              (no amulet)
HPRegen 0.07/turn               (no ring)
MPRegen 0.08/turn               (no ring)

@: no status effects
A: sickness immunity, AC +3, negative energy resistance 1, electricity
resistance, torment resistance 1, petrification resistance
a: no special abilities


You were on level 2 of the Dungeon.
You visited 1 branch of the dungeon, and saw 2 of its levels.

You collected 34 gold pieces.

Inventory:

Hand Weapons
 a - a +0 long sword (weapon)
Missiles
 d - 3 throwing nets (quivered)
 e - a javelin
Armour
 b - a +0 leather armour
 c - a +0 helmet (worn)
 i - a +0 ring mail
 j - a +0 scale mail (worn)
Scrolls
 f - a scroll of fear {unknown}
 g - 4 scrolls of identify {unknown}
 l - a scroll of teleportation {unknown}
 m - a scroll of vulnerability {unknown}
 o - a scroll of enchant armour {unknown}
Potions
 h - 2 potions of haste {unknown}
 k - a potion of might {unknown}
 n - a potion of resistance {unknown}


   Skills:
 + Level 2.6 Fighting
 + Level 3.0 Long Blades
 + Level 2.2 Throwing
 + Level 1.2 Armour
 + Level 2.7 Dodging


You had 2 spell levels left.
You didn't know any spells.
Your spell library was empty.

Dungeon Overview and Level Annotations

Branches:
Dungeon (2/15)

Altars:

Shops:
D:1 (*


Innate Abilities, Weirdness & Mutations

You are immune to sickness and miasma.
Your stone body is resilient. (AC +3)
You are immune to poison.
You resist negative energy. (rN+)
You are resistant to electric shocks. (rElec)
You are resistant to unholy torment.
You are immune to petrification.


Message History

The goblin hits you but does no damage.
You hit the goblin.
The goblin is severely wounded.
The goblin hits you with a +0 dagger.
You closely miss the goblin.
The goblin is severely wounded.
The goblin barely misses you. The goblin closely misses you.
You hit the goblin.
You kill the goblin!
You barely miss the worm. You hit the worm.
The worm is lightly wounded.
The worm bites you.
* * * LOW HITPOINT WARNING * * *
You hit the worm.
The worm is moderately wounded.
The worm barely misses you.
You barely miss the worm.
The worm is moderately wounded.
The worm bites you.
* * * LOW HITPOINT WARNING * * *
You hit the worm but do no damage.
The worm is moderately wounded.
You hit the worm.
The worm is moderately wounded.
The worm bites you but does no damage.
You slash the worm!
The worm is severely wounded.
The worm bites you but does no damage.
You hit the worm.
The worm is severely wounded.
The worm closely misses you.
You slash the worm!
You kill the worm!
Your Long Blades skill increases to level 3!
You hit the endoplasm.
The endoplasm is severely wounded.
The endoplasm freezes you.
You are frozen.
You die...

#### ) ...# .#
... ##.
#..##.?.
#...#.#
#..J..#
######..#####
#
#...@J......)<
##
#.#####..#####
8 #.# #...# #
#.# ##.# #
######.# .# ##
#......# . 8#
#.###### .
#### ###.#
##8###8#.##


You could see an endoplasm.

Vanquished Creatures
  An adder (D:2)
  A worm (D:2)
  A dart slug (D:2)
  A giant cockroach (D:2)
  3 goblins
  3 hobgoblins
  4 kobolds
  2 quokkas
  2 ball pythons (D:1)
  3 bats
  2 rats (D:1)
23 creatures vanquished.

Notes
Turn   | Place    | Note
-------+----------+-------------------------------------------
     0 | D:1      | GorkyZ the Gargoyle Gladiator began the quest for the Orb.
     0 | D:1      | Reached XP level 1. HP: 12/12 MP: 1/1
   244 | D:1      | Found Cish's Assorted Antiques.
   355 | D:1      | Found Luppuasipt's Weapon Boutique.
   381 | D:1      | Reached XP level 2. HP: 18/18 MP: 2/2
   736 | D:1      | Found a faded altar of an unknown god.
   985 | D:2      | Reached skill level 1 in Armour
   985 | D:2      | Reached XP level 3. HP: 22/22 MP: 3/3
  1149 | D:2      | Reached skill level 3 in Long Blades
  1149 | D:2      | Frozen to death by an endoplasm

Illustrated notes

Levels and vault maps discovered:
D:1:      sevenhm_arrival_forest_fort_large_4, layout_basic, serial_shops, shop,
          nicolae_shop_advertising_works [nicolae_subvault_shop_adworks],
          ebering_ecumenical_altar_mist
D:2:      layout_basic, serial_corexii_hall, corexii_hall_statues_x,
          corexii_hall_statues_deadend, minmay_pentomino_v4

Skill      XL: |  1  2  3 |
---------------+----------+-----
Throwing       | 2 |  2.2
Armour         | 1 |  1.2
Long Blades    | 3 |  3.0
Fighting       | |  2.6
Dodging        | |  2.7

Action                   || total
-------------------------++-------
Melee: Long sword        ||    97
       Punch             ||     1
Armor: Ring mail         ||     5
       Leather armour    ||     2
       Scale mail        ||    48
Dodge: Dodged            ||    64
